 Dungeon Crawl Stone Soup version 0.28.0-53-g5a82cb258f (webtiles) character file.

Game seed: 9326650850303324504

1209 issech the Chopper (level 8, -4/63 HPs)
             Began as a Minotaur Monk on June 10, 2022.
             Was a Believer of Hepliaklqana.
             Killed by divine providence
             ... invoked by an orc priest
              (12 damage)
             ... on level 5 of the Dungeon.
             The game lasted 00:18:27 (6697 turns).

issech the Chopper (Minotaur Monk)                  Turns: 6697, Time: 00:18:27

Health: -4/63      AC: 10    Str: 20    XL:     8   Next: 22%
Magic:  2/2        EV: 10    Int:  2    God:    Hepliaklqana [**....]
Gold:   49         SH:  0    Dex: 19    Spells: 7/7 levels left

rFire   + . .      SeeInvis .   D - +2 falchion of Absolution {antimagic, Str+2 Int-5 Dex+6}
rCold   . . .      Faith    .   (no shield)
rNeg    . . .      Spirit   .   F - +0 chain mail
rPois   .          Reflect  .   (helmet restricted)
rElec   .          Harm     .   (no cloak)
rCorr   .          Rampage  .   G - +0 pair of gloves
Will    .....                   (no boots)
Stlth   ..........              (no amulet)
HPRegen 0.20/turn               g - ring of protection from fire
MPRegen 0.08/turn               B - ring of wizardry

@: no status effects
A: reduced essence, horns 2, retaliatory headbutt
a: Renounce Religion, Recall Ancestor, Ancestor Identity


You were on level 5 of the Dungeon.
You worshipped Hepliaklqana.
Hepliaklqana was pleased with you.
You visited 2 branches of the dungeon, and saw 7 of its levels.
You also visited: Sewer.

You collected 217 gold pieces.
You spent 168 gold pieces at shops.

Inventory:

Hand Weapons
 a - a +0 hand axe
 D - the +2 falchion of Absolution (weapon) {antimagic, Str+2 Int-5 Dex+6}
   (You bought it in a shop on level 2 of the Dungeon)

   It reduces the magical energy of the wielder, and disrupts the spells and
   magical abilities of those it strikes.
   Natural abilities and divine invocations are not affected.
   Str:       It affects your strength (+2).
   Int:       It affects your intelligence (-5).
   Dex:       It affects your dexterity (+6).
 E - a +2 flail of draining
 K - a +0 hunting sling
Missiles
 c - 53 stones (quivered)
 p - a throwing net
 w - a curare-tipped dart
 x - 13 bolts
 y - 13 poisoned darts
 J - 25 arrows
Armour
 b - a +0 robe
 j - a +3 leather armour
 o - a +0 scale mail
 s - an orb of energy
 F - a +0 chain mail (worn)
 G - a +0 pair of gloves (worn)
Magical Staves
 m - a staff of poison
Jewellery
 g - a ring of protection from fire (left hand)
 B - a ring of wizardry (right hand)
Wands
 u - a wand of iceblast (7)
Scrolls
 d - a scroll of magic mapping {unknown}
 e - a scroll of noise {unknown}
 f - a scroll of holy word {unknown}
 i - 2 scrolls of teleportation {unknown}
 l - 2 scrolls of fog {unknown}
 n - 4 scrolls of identify {unknown}
 q - a scroll of vulnerability {unknown}
 r - a scroll of brand weapon {unknown}
 z - a scroll of fear {unknown}
 H - 4 scrolls of amnesia {unknown}
Potions
 h - 2 potions of mutation {unknown}
 k - a potion of lignification {unknown}
 t - a potion of haste {unknown}
 v - a potion of cancellation {unknown}
 A - 2 potions of curing {unknown}
 C - a potion of ambrosia {unknown}
 I - 2 potions of might {unknown}


   Skills:
 + Level 5.9 Fighting
 + Level 3.9 Long Blades
 + Level 7.2 Axes
 + Level 0.9 Throwing
 + Level 4.8 Armour
 + Level 5.2 Dodging
 + Level 3.0 Stealth


You had 7 spell levels left.
You didn't know any spells.
Your spell library contained the following spells:

 Spells                   Type           Power      Damage    Failure   Level
 Beastly Appendage        Tmut           0%         N/A       91%         1
 Wereblood                Tmut           0%         N/A       97%         2
 Frozen Ramparts          Ice            0%         1d2       99%         3
 Spider Form              Tmut/Pois      0%         N/A       99%         3
 Ice Form                 Ice/Tmut       0%         N/A       100%        4
 Summon Ice Beast         Ice/Summ       0%         N/A       100%        4


Dungeon Overview and Level Annotations

Branches:
Dungeon (6/15)             Temple (1/1) D:4           Sewer (visited)

Altars:
Ashenzari
Cheibriados
Dithmenos
Fedhas
Hepliaklqana
Kikubaaqudgha
Makhleb
Nemelex Xobeh
Okawaru
Qazlal
Ru
Trog
Vehumet
Wu Jian
Yredelemnul
Zin
The Shining One

Shops:
D:2 (   D:3 (


Innate Abilities, Weirdness & Mutations

Your life essence is reduced to manifest your ancestor. (-10% HP)
You have a pair of horns on your head.
You reflexively headbutt those who attack you in melee.


Message History

You feel drained.
Izel casts a spell at Eustachio.
The puff of frost hits Eustachio!
You closely miss Eustachio. You headbutt Eustachio!
Eustachio is severely wounded.
Eustachio yells, "Perjured traitor, DIE!"
Eustachio gestures wildly while chanting.
The orc priest invokes the aid of Beogh against you.
Beogh smites you!
* * * LOW HITPOINT WARNING * * *
Eustachio hits you but does no damage.
You feel drained.
You barely miss Eustachio. Your headbutt misses Eustachio.
Eustachio is severely wounded.
Eustachio barely misses you.
You closely miss Eustachio.
Eustachio is severely wounded.
Eustachio's magic is no longer disrupted.
Eustachio hits you but does no damage.
You feel drained.
You hit Eustachio.
Eustachio's magic leaks into the air.
Your headbutt misses Eustachio.
Eustachio is severely wounded.
Izel points at Eustachio and mumbles some strange words.
The puff of frost hits Eustachio.
The orc priest calls down the wrath of Beogh upon you.
Beogh smites you!
* * * LOW HITPOINT WARNING * * *
Eustachio casts a spell.
You swap places.
Eustachio's magic is no longer disrupted.
Izel hits Eustachio with a +0 quarterstaff!!
Eustachio dies!
The quasit disappears in a puff of smoke!
The bat disappears in a puff of smoke!
Your life force feels restored.
You see here a sky beast corpse.
The orc priest completely misses Izel.
Izel hits the orc priest with a +0 quarterstaff!
The orc priest calls down the wrath of Beogh upon you.
Beogh smites you!
You die...

... ... ..o. #?..
.o. ####'###
.......############
...<.......ooR†.@>#
........##.O#######
........##r.#
.......)##..#
............#
...O...###.##
.####... ..# . #...
..#


You could see the friendly Izel the battlemage, an ogre and 2 orc priests.

Vanquished Creatures
  Edmund (D:4)
  A sky beast (D:5)
  4 kobold brigands (Sewer)
  Blork the orc (D:4)
  A scorpion (D:4)
  A water moccasin skeleton (D:5)
  A centaur skeleton (D:4)
  An orc priest (D:5)
  Natasha (twice) (D:4)
  An orc wizard (D:5)
  A hound skeleton (D:5)
  A howler monkey zombie (D:3)
  6 adders
  2 river rats (Sewer)
  An adder skeleton (D:4)
  4 worms
  5 dart slugs
  5 orcs
  11 endoplasms
  6 giant cockroaches
  11 goblins
  8 hobgoblins
  5 kobolds
  7 quokkas
  13 ball pythons
  5 bats
  5 frilled lizards
  12 rats
122 creatures vanquished.

Vanquished Creatures (collateral kills)
  Eustachio (D:5)
  Natasha (D:4)
  Robin (D:4)
  An adder (D:5)
  3 goblins (D:4)
  2 hobgoblins (D:4)
9 creatures vanquished.

Vanquished Creatures (others)
  A battlemage (D:5)
  A plant (D:1)
2 creatures vanquished.

Grand Total: 133 creatures vanquished

Notes
Turn   | Place    | Note
-------+----------+-------------------------------------------
     0 | D:1      | issech the Minotaur Monk began the quest for the Orb.
     0 | D:1      | Reached XP level 1. HP: 19/19 MP: 0/0
   259 | D:1      | Reached XP level 2. HP: 26/27 MP: 1/1
   670 | D:1      | Reached skill level 4 in Axes
   822 | D:2      | Found Lupheamupt's Antique Weapon Shoppe.
   925 | D:2      | Reached XP level 3. HP: 33/33 MP: 2/2
  1480 | D:2      | Found a faded altar of an unknown god.
  1589 | D:3      | Reached XP level 4. HP: 40/40 MP: 3/3
  1672 | D:3      | Found Huicliss's Antique Weapon Boutique.
  1710 | D:3      | Found an ornate altar of the Wu Jian Council.
  1710 | D:3      | Found a faded altar of an unknown god.
  1718 | D:3      | Found a glowing golden altar of the Shining One.
  1721 | D:3      | Found a sparkling altar of Nemelex Xobeh.
  1723 | D:3      | Found a faded altar of an unknown god.
  1924 | D:3      | Found a glowing drain.
  1947 | Sewer    | Entered a sewer
  2063 | Sewer    | Reached skill level 5 in Axes
  2384 | Sewer    | Noticed a kobold brigand
  2405 | Sewer    | Killed a kobold brigand
  2406 | Sewer    | Reached skill level 1 in Armour
  2406 | Sewer    | Reached XP level 5. HP: 36/47 MP: 4/4
  2703 | Sewer    | Reached XP level 6. HP: 19/53 MP: 5/5
  3217 | Sewer    | Reached skill level 6 in Axes
  4231 | D:4      | Reached skill level 5 in Fighting
  4279 | D:4      | Noticed Natasha
  4286 | D:4      | Killed Natasha
  4287 | D:4      | Reached XP level 7. HP: 61/61 MP: 6/6
  4295 | D:4      | Noticed Edmund
  4663 | D:2      | Bought a glimmering falchion for 168 gold pieces
  4663 | D:2      | Identified the +2 falchion of Absolution {antimagic, Str+2
                  | Int-5 Dex+6} (You bought it in a shop on level 2 of the
                  | Dungeon)
  4782 | D:4      | Killed Edmund
  4864 | D:4      | Reached skill level 1 in Long Blades
  4864 | D:4      | Reached skill level 7 in Axes
  4967 | D:4      | Noticed Natasha
  5095 | D:4      | Killed Natasha
  5096 | D:4      | Reached skill level 5 in Dodging
  5351 | D:4      | Noticed Blork the orc
  5360 | D:4      | Killed Blork the orc
  5648 | D:4      | Found a staircase to the Ecumenical Temple.
  5664 | Temple   | Entered the Ecumenical Temple
  5815 | Temple   | Became a worshipper of Hepliaklqana the Forgotten
  5815 | Temple   | Reached * piety under Hepliaklqana
  5815 | Temple   | Reached ** piety under Hepliaklqana
  5816 | Temple   | Remembered your ancestor Izel as a battlemage
  6181 | D:4      | Noticed Robin
  6191 | D:4      | Killed Robin
  6280 | D:4      | Noticed Natasha
  6283 | D:4      | Killed Natasha
  6376 | D:5      | Entered Level 5 of the Dungeon
  6665 | D:5      | Reached XP level 8. HP: 56/62 MP: 2/7
  6673 | D:5      | Noticed Eustachio
  6695 | D:5      | Killed Eustachio
  6697 | D:5      | Killed from afar by an orc priest

Illustrated notes

Levels and vault maps discovered:
D:1:      dpeg_arrival_renting, layout_rooms, minivault_23,
          serial_bayou_crossing
D:2:      layout_loops_cross, serial_shops, shop_coins,
          chequers_ecumenical_altar_simple_redux, kennysheep_generic_room_12
D:3:      layout_loops_corners, chequers_temple_overflow_minitemple,
          serial_shops, nicolae_square_shop, gup_sewer_entry_pipe
D:4:      layout_basic, minmay_temple_entry_statues_pillars, uniq_edmund,
          uniq_robin, uniq_natasha, uniq_blork_the_orc
D:5:      layout_basic, serial_shops, kennysheep_mini, minivault_24,
          minmay_fractal_squares_5, uniq_eustachio
D:6:      layout_loops_ring, nicolae_overflow_hidden_temple
Temple:   dpeg_chambers_temple

Skill      XL: |  1  2  3  4  5  6  7 |
---------------+----------------------+-----
Fighting       | 4 5 |  5.9
Axes           | 4 5 6 7 |  7.2
Stealth        | 2 3 |  3.0
Dodging        | 4 5 |  5.2
Armour         | 1 2 3 4 |  4.8
Long Blades    | 3 |  3.9
Throwing       | |  0.9

Action                   |  1- 3 |  4- 6 |  7- 9 || total
-------------------------+-------+-------+-------++-------
Melee: Hand axe          |    89 |   179 |    15 ||   283
       Headbutt          |    19 |    23 |    23 ||    65
       Punch             |     2 |     4 |     2 ||     8
       Falchion          |       |       |    78 ||    78
Throw: Stone             |       |       |     8 ||     8
Invok: Ancestor Life: Ba |       |       |     1 ||     1
 Stab: Sleeping          |     1 |     1 |       ||     2
Armor: Robe              |     2 |       |       ||     2
       Leather armour    |    24 |    38 |     5 ||    67
       Chain mail        |       |       |    37 ||    37
Dodge: Dodged            |    54 |    95 |    62 ||   211
